 Dungeon Crawl Stone Soup version 0.32-a0-876-gcfddb08e57 (webtiles) character file.

Game seed: 3718333712910813146

15032 Esekla the Reanimator (level 11, -4/83 HPs)
             Began as a Demonspawn Wanderer on Mar 31, 2024.
             Was an Elder of Vehumet.
             Slain by a red devil
             ... wielding a +0 demon trident
             ... summoned by a kobold demonologist
              (16 damage)
             ... on level 11 of the Dungeon.
             The game lasted 01:35:32 (14790 turns).

Esekla the Reanimator (Demonspawn Wanderer)        Turns: 14790, Time: 01:35:32

Health: -4/83      AC: 16    Str: 12    XL:     11   Next: 96%
Magic:  16/24      EV: 12    Int: 21    God:    Vehumet [****..]
Gold:   866        SH:  0    Dex: 15    Spells: 13/29 levels left

rFire   . . .        a - +5 scimitar (freeze)
rCold   . . .        (no shield)
rNeg    . . .        I - +2 robe {Will+}
rPois   .            (helmet restricted)
rElec   .            C - +0 cloak
rCorr   .            F - +2 pair of gloves {Stlth+}
SInv    .            (no boots)
Will    +....        k - amulet of the acrobat
Stlth   +++          f - +4 ring of protection
HPRegen 0.33/turn    E - +4 ring of protection
MPRegen 0.19/turn

%: acrobat, wizardry (x1)
@: mighty, fugue, radiating poison, spiked
A: antennae 2, powered by pain 2, big brain 3
a: Renounce Religion


You were on level 11 of the Dungeon.
You worshipped Vehumet.
Vehumet was greatly pleased with you.
You visited 1 branch of the dungeon, and saw 11 of its levels.
You also visited: Bailey.

You collected 866 gold pieces.

Inventory:

Hand Weapons
 a - a +5 scimitar of freezing (weapon)
 r - a +5 trident of freezing
 s - a +2 dagger of venom
 x - a +2 vampiric whip
 A - a +0 dagger of electrocution
Missiles
 v - 7 boomerangs (quivered)
 H - 20 poisoned darts
Armour
 e - a +0 troll leather armour
 C - a +0 cloak (worn)
 F - a +2 pair of gloves of stealth (worn)
 I - a +2 robe of willpower (worn)
 J - a +1 robe of cold resistance
Jewellery
 f - a +4 ring of protection (left hand)
 k - an amulet of the acrobat (around neck)
 n - the ring of Kaidono {Fire *Corrode Will++ SInv Stlth+}
   (You took it off a goblin on level 7 of the Dungeon)

   [ring of fire]

   Fire:      It enhances your fire magic.
   rF+:       It protects you from fire.
   rC-:       It makes you vulnerable to cold.
   Will++:    It greatly increases your willpower.
   SInv:      It lets you see invisible.
   *Corrode:  It may corrode you when you take damage.
   Stlth+:    It makes you more stealthy.
 E - a +4 ring of protection (right hand)
Wands
 w - a wand of mindburst (21)
 y - a wand of warping (13)
 M - a wand of quicksilver (12)
Scrolls
 c - 2 scrolls of silence
 d - 4 scrolls of enchant weapon {unknown}
 h - 4 scrolls of revelation {unknown}
 j - 2 scrolls of acquirement {unknown}
 m - 4 scrolls of fog
 o - 3 scrolls of amnesia {unknown}
 p - a scroll of noise {unknown}
 q - 2 scrolls of enchant armour {unknown}
 t - a scroll of fear {unknown}
 u - 3 scrolls of poison {unknown}
 B - a scroll of immolation {unknown}
 K - a scroll of torment {unknown}
 N - 2 scrolls of blinking
Potions
 b - 3 potions of lignification
 i - 5 potions of curing
 l - 2 potions of enlightenment
 z - 2 potions of resistance
 D - a potion of heal wounds
 G - 2 potions of might
 L - a potion of invisibility
 O - a potion of degeneration {unknown}
 P - a potion of attraction


   Skills:
 * Level 6.6 Fighting
 + Level 3.3(4.4) Short Blades
 + Level 4.6(5.1) Long Blades
 + Level 2.5 Maces & Flails
 + Level 1.8 Throwing
 + Level 1.0 Armour
 + Level 4.1 Dodging
 + Level 3.2 Stealth
 * Level 9.5 Spellcasting
 * Level 10.1 Necromancy
 * Level 4.0 Translocations
 + Level 3.9 Air Magic
 + Level 6.0 Alchemy
 + Level 1.2 Invocations
 + Level 1.3 Evocations


You had 13 spell levels left.
You knew the following spells:

 Your Spells              Type           Power      Damage    Failure   Level
a - Necrotise             Necr           100%       1d9       1%          1
b - Blink                 Tloc           54%        N/A       1%          2
d - Vampiric Draining     Necr           51%        2d9       1%          3
p - Apportation           Tloc           54%        N/A       1%          1
v - Mercury Vapours       Alch/Air       62%        N/A       1%          2
w - Fugue of the Fallen   Necr           51%        N/A       1%          3
x - Olgreb's Toxic Radia  Alch           35%        N/A       1%          4

Your spell library contained the following spells:

 Spells                   Type           Power      Damage    Failure   Level
 Fulminant Prism          Conj/Alch      11%        3d9       2%          4
 Sting                    Conj/Alch      88%        1d8       1%          1
 Lesser Beckoning         Tloc           54%        N/A       1%          2
 Momentum Strike          Conj/Tloc      36%        3d9       1%          2
 Teleport Other           Tloc           27%        N/A       1%          3
 Animate Dead             Necr           51%        N/A       1%          4
 Summon Small Mammal      Summ           40%        N/A       2%          1
 Maxwell's Portable Pile  Tloc           27%        2d(9-18)  5%          4
 Death Channel            Necr           25%        N/A       6%          6
 Borgnjor's Vile Clutch   Necr/Erth      15%        N/A       10%         5
 Conjure Ball Lightning   Conj/Air       9%         3x3d6     38%         6
 Discord                  Hex            5%         N/A       100%        8
 Disjunction              Tloc           13%        N/A       100%        8


Dungeon Overview and Level Annotations

Branches:
Dungeon (11/15)            Temple (0/1) D:7            Lair (0/5) D:9
 Bailey (visited)
    Orc: D:9-12

Altars:
Dithmenos
Hepliaklqana
Makhleb
Uskayaw
Vehumet
Yredelemnul
Jiyva

Annotations:
D:8 2 transporters


Innate Abilities, Weirdness & Mutations

You have a pair of antennae on your head.
You sometimes gain power by taking damage.
You have an absolutely massive brain. (Int +6, Wiz)


Message History

Confirm with . or Enter, or press ? or * to list all spells.
Aiming: Vampiric Draining (safe; 1% risk of failure)
Press: ? - help, Shift-Dir - straight line, f - kobold demonologist
Aim: a kobold demonologist, wielding a +0 dagger and wearing a +0 robe (almost dead, poisoned)
You draw life force from the kobold demonologist.
You kill the kobold demonologist!
Vehumet accepts your kill.
The red devil disappears in a puff of smoke!
The ice devil disappears in a puff of smoke!
You feel life coursing into your body.
The kobold demonologist casts a spell.
The red devil hits you from afar with a +0 demon trident!!
* * * LOW HITPOINT WARNING * * *
More barbed spikes become lodged in your body.
You hear a bellow!
Casting: Vampiric Draining (safe; 1% risk of failure)
Confirm with . or Enter, or press ? or * to list all spells.
Aiming: Vampiric Draining (safe; 1% risk of failure)
Press: ? - help, Shift-Dir - straight line, f - kobold brigand
Aim: a kobold brigand, wielding a +0 whip and quivering poisoned darts (heavily wounded, poisoned)
You draw life force from the kobold brigand!
You kill the kobold brigand!
Vehumet accepts your kill.
You feel your power returning.
You feel life coursing into your body!
You hear a bellow!
The red devil hits you from afar with a +0 demon trident!
* * * LOW HITPOINT WARNING * * *
You focus on the pain.
You feel very mighty all of a sudden.
More barbed spikes become lodged in your body.
Casting: Vampiric Draining (safe; 1% risk of failure)
Confirm with . or Enter, or press ? or * to list all spells.
You begin to radiate toxic energy.
The kobold brigand is poisoned.
The kobold demonologist looks as sick as possible!
The kobold brigand looks even sicker.
You hear a screech!
A rust devil comes into view.
The kobold brigand misses you.
The red devil hits you from afar with a +0 demon trident!
You die...

...........#
#.######.#.# #.
##.#.#
#....########
#...........#
#)...######.#
#ยง ####.#
.####4######..#
.....KK@..##.##
###[44###.##.#
#.#####.##.# #{
#...[...#
#.......#
#.......#
..........#
##..........
#........##.


You could see 2 rust devils, a kobold demonologist (extremely poisoned), a red
devil (summoned) and a kobold brigand (very poisoned).

Vanquished Creatures
  A catoblepas (D:11)
  4 two-headed ogres
  A cyclops (D:7)
  A rust devil (D:10)
  Joseph (D:8)
  A gargoyle (D:11)
  2 kobold demonologists
  A komodo dragon (D:9)
  An ice devil (D:10)
  Psyche (D:8)
  A red devil (D:11)
  A hellwing (D:11)
  2 trolls
  A slime creature (D:7)
  A wraith (D:6)
  A vampire (D:10)
  A shadow (D:9)
  10 yaks
  A basilisk (D:9)
  A steam dragon (D:7)
  A chaos spawn (D:11)
  A vampire mosquito (D:7)
  An acid dragon (D:7)
  A water moccasin (D:6)
  2 orc warriors (D:9)
  3 ice beasts
  2 sky beasts
  3 ogres
  4 wolves (Bailey)
  A centaur (D:10)
  4 kobold brigands
  2 bullfrogs
  9 gnoll sergeants
  Blork the orc (D:6)
  4 scorpions
  32 wights
  4 killer bees (D:7)
  5 howler monkeys
  A bombardier beetle (D:6)
  8 hounds
  A jelly (D:4)
  2 orc priests
  8 gnoll boudas
  2 iguanas
  Jessica (D:3)
  4 sleepcaps
  10 orc wizards
  24 gnolls
  11 adders
  2 white imps
  An ufetubus (D:7)
  A dart slug (D:2)
  4 ribbon worms
  25 orcs
  12 ball pythons
  8 bats
  2 endoplasms
  4 giant cockroaches
  6 goblins
  6 hobgoblins
  5 jackals
  26 kobolds
  3 frilled lizards (D:3)
  8 rats
299 creatures vanquished.

Notes
Turn   | Place    | Note
-------+----------+-------------------------------------------
     0 | D:1      | Esekla the Demonspawn Wanderer began the quest for the Orb.
     0 | D:1      | Esekla set off with the following items: a +0 dagger, a
                  | potion of lignification, a scroll of silence, a +0 robe, a
                  | scroll of teleportation; and the following spell memorised:
                  | Necrotise; and the following spells available to memorise:
                  | Fugue of the Fallen, Vampiric Draining.
     0 | D:1      | Reached XP level 1. HP: 16/16 MP: 3/3
   459 | D:1      | Gained mutation: You sometimes gain a little power by
                  | taking damage. [demonic ancestry]
   459 | D:1      | Reached XP level 2. HP: 21/22 MP: 5/5
  1230 | D:2      | Gained mutation: You have an unusually large brain. (Int
                  | +2) [demonic ancestry]
  1230 | D:2      | Reached XP level 3. HP: 27/27 MP: 6/6
  1234 | D:2      | Learned a level 3 spell: Vampiric Draining
  1238 | D:2      | Learned a level 3 spell: Fugue of the Fallen
  1569 | D:2      | Reached skill level 1 in Short Blades
  1887 | D:2      | Reached skill level 1 in Dodging
  1887 | D:2      | Reached XP level 4. HP: 34/34 MP: 8/8
  2899 | D:3      | Noticed Jessica
  2904 | D:3      | Reached skill level 5 in Necromancy
  2958 | D:3      | Gained mutation: You have an extremely huge brain. (Int +4)
                  | [demonic ancestry]
  2958 | D:3      | Reached XP level 5. HP: 37/39 MP: 6/9
  3307 | D:3      | Killed Jessica
  3704 | D:4      | Reached skill level 1 in Air Magic
  3704 | D:4      | Reached skill level 1 in Alchemy
  3881 | D:4      | Reached skill level 1 in Stealth
  4059 | D:4      | Gained mutation: You have a pair of small antennae on your
                  | head. [demonic ancestry]
  4059 | D:4      | Reached XP level 6. HP: 28/46 MP: 0/11
  4189 | D:4      | Found a burning altar of Makhleb.
  4744 | D:4      | Found a radiant altar of Vehumet.
  4745 | D:4      | Found a hazy altar of Hepliaklqana.
  4763 | D:4      | Became a worshipper of Vehumet
  4767 | D:4      | Learned a level 2 spell: Mercury Vapours
  4808 | D:5      | Entered Level 5 of the Dungeon
  4808 | D:5      | Noticed an ice beast
  4817 | D:5      | Killed an ice beast
  5008 | D:4      | Gained mutation: You have a pair of antennae on your head.
                  | [demonic ancestry]
  5008 | D:4      | Reached XP level 7. HP: 49/52 MP: 5/12
  5040 | D:5      | Noticed a yak
  5040 | D:5      | Noticed a yak
  5040 | D:5      | Noticed a yak
  5040 | D:5      | Noticed a yak
  5224 | D:5      | Noticed a yak
  5426 | D:4      | Killed a yak
  5535 | D:5      | Reached skill level 6 in Necromancy
  5619 | D:5      | Reached skill level 1 in Maces & Flails
  5705 | D:5      | Reached * piety under Vehumet
  5705 | D:5      | Offered knowledge of Freeze by Vehumet.
  5819 | D:5      | Found a basalt altar of Yredelemnul.
  5878 | D:6      | Killed a yak
  5879 | D:6      | Reached XP level 8. HP: 18/60 MP: 1/14
  6024 | D:6      | Noticed Blork the orc
  6571 | D:6      | Reached skill level 5 in Spellcasting
  6739 | D:5      | Reached skill level 7 in Necromancy
  6915 | D:5      | Offered knowledge of Shock by Vehumet.
  7139 | D:4      | Reached ** piety under Vehumet
  7140 | D:4      | Gained mutation: You have an absolutely massive brain. (Int
                  | +6, Wiz) [demonic ancestry]
  7140 | D:4      | Reached XP level 9. HP: 55/66 MP: 8/16
  7552 | D:6      | Learned a level 4 spell: Olgreb's Toxic Radiance
  7622 | D:6      | Killed Blork the orc
  7965 | D:7      | Noticed a two-headed ogre
  7965 | D:7      | Noticed a cyclops
  7994 | D:7      | Killed a two-headed ogre
  8107 | D:7      | Noticed a troll
  8121 | D:7      | Found a flagged portal.
  8124 | Bailey   | Entered a bailey
  8314 | Bailey   | Reached skill level 8 in Necromancy
  8573 | Bailey   | Reached skill level 5 in Fighting
  8613 | Bailey   | Reached skill level 5 in Alchemy
  8980 | Bailey   | Reached XP level 10. HP: 65/74 MP: 9/20
  9096 | Bailey   | Offered knowledge of Dazzling Flash by Vehumet.
  9229 | D:7      | Reached *** piety under Vehumet
  9367 | D:7      | Learned a level 2 spell: Blink
  9611 | D:7      | Reached skill level 1 in Long Blades
  9615 | D:7      | Identified the ring of Kaidono {Fire *Corrode Will++ SInv
                  | Stlth+}
  9742 | D:7      | Reached skill level 1 in Translocations
  9853 | D:7      | Offered knowledge of Hailstorm by Vehumet.
  9987 | D:6      | Reached skill level 1 in Throwing
 10692 | D:7      | Killed a cyclops
 10829 | D:7      | Found a staircase to the Ecumenical Temple.
 10849 | D:7      | Reached skill level 9 in Necromancy
 10972 | D:7      | Reached **** piety under Vehumet
 11019 | D:8      | Noticed Psyche
 11029 | D:8      | Killed Psyche
 11030 | D:8      | Offered knowledge of Fulminant Prism by Vehumet.
 11034 | D:8      | Gained mutation: You sometimes gain power by taking damage.
                  | [demonic ancestry]
 11034 | D:8      | Reached XP level 11. HP: 75/81 MP: 14/23
 11186 | D:8      | Found a viscous altar of Jiyva.
 11204 | D:8      | Noticed Joseph
 11213 | D:8      | Killed Joseph
 11290 | D:8      | Found a transporter.
 11290 | D:8      | Found a transporter.
 11405 | D:8      | Learned a level 1 spell: Apportation
 12140 | D:9      | Found a shadowy altar of Dithmenos.
 12385 | D:9      | Found a staircase to the Lair.
 12669 | D:10     | Entered Level 10 of the Dungeon
 12684 | D:10     | Noticed a two-headed ogre
 12688 | D:10     | Noticed a two-headed ogre
 12688 | D:10     | Noticed a two-headed ogre
 12739 | D:9      | Killed a two-headed ogre
 12788 | D:9      | Killed a two-headed ogre
 13143 | D:10     | Found a hide-covered altar of Uskayaw.
 13463 | D:10     | Killed a two-headed ogre
 13659 | D:11     | Noticed a catoblepas
 13742 | D:11     | Killed a catoblepas
 13851 | D:11     | Reached skill level 1 in Evocations
 14355 | D:10     | Reached skill level 10 in Necromancy
 14790 | D:11     | Slain by a red devil

Illustrated notes

Levels and vault maps discovered:
D:1:      elethiomel_arrival_infinity_welcomes_careful_drivers,
          layout_loops_corners
D:2:      layout_loops_corners, serial_forest, infiniplex_forest_lined_3,
          infiniplex_forest_lined_2, infiniplex_forest_lined_1,
          infiniplex_forest_clump_medium, infiniplex_forest_lined_room_2,
          infiniplex_forest_clump_long, infiniplex_forest_lined_room_,
          infiniplex_forest_clump_medium
D:3:      layout_basic, kennysheep_generic_room_15, uniq_jessica
D:4:      layout_loops_cross, grunt_temple_overflow_order_and_chaos_2,
          gammafunk_temple_overflow_pools
D:5:      minmay_spotlight, layout_loops_ring, nicolae_overflow_crystal_walls
D:6:      layout_basic, uniq_blork_the_orc
D:7:      minmay_the_grid_four_pointed_star
          [minmay_the_grid_triangle_9x9_limited_checkers,
          minmay_the_grid_triangle_9x9_descending_squares,
          minmay_the_grid_triangle_9x9_negative_grid,
          minmay_the_grid_triangle_9x9_steps,
          minmay_the_grid_prize_four_corners], layout_gridville,
          temple_fountains, enter_bailey_5
D:8:      gammafunk_jiyva_shrine, layout_basic, chequers_serial_rivers_small_3,
          kennysheep_doodads, reono_crystal_passage,
          chequers_serial_rivers_small_a, uniq_joseph, uniq_psyche
D:9:      layout_basic, mainiacjoe_overflow_alcove_1, david_lair_shrubbed
D:10:     layout_cave_pools, mainiacjoe_overflow_24_doors
D:11:     layout_loops_ring, serial_demonic, serial_demonic_b, serial_demonic_d,
          serial_demonic_d, serial_demonic_b, serial_demonic_b, serial_demonic_f

Skill      XL: |  1  2  3  4  5  6  7  8  9 10 11 |
---------------+----------------------------------+-----
Short Blades   | 1 2 3 |  3.3
Dodging        | 1 2 3 4 |  4.1
Necromancy     | 5 6 7 8 9 10 | 10.1
Spellcasting   | 3 4 5 7 8 9 |  9.5
Air Magic      | 1 2 3 |  3.9
Alchemy        | 1 2 3 5 6 |  6.0
Stealth        | 1 2 3 |  3.2
Fighting       | 3 4 5 6 |  6.6
Maces & Flails | 1 2 |  2.5
Long Blades    | 3 4 |  4.6
Translocations | 2 4 |  4.0
Throwing       | 1 |  1.8
Evocations     | 1 |  1.3
Armour         | |  1.0
Invocations    | |  1.2

Action                     |  1- 3 |  4- 6 |  7- 9 | 10-12 || total
---------------------------+-------+-------+-------+-------++-------
  Melee: Dagger            |   229 |   308 |   110 |    20 ||   667
         Whip              |       |    13 |   218 |     6 ||   237
         Scimitar          |       |       |     4 |   283 ||   287
  Throw: Boomerang         |       |       |    19 |    26 ||    45
   Cast: Vampiric Draining |     2 |    27 |    47 |    35 ||   111
         Fugue of the Fall |       |     1 |     1 |    10 ||    12
         Olgreb's Toxic Ra |       |       |    22 |    34 ||    56
         Mercury Vapours   |       |       |     8 |    14 ||    22
         Apportation       |       |       |       |    13 ||    13
  Evoke: Wand              |       |       |     3 |     8 ||    11
    Use: Scroll            |       |     4 |     8 |     6 ||    18
         Potion            |       |       |     3 |     2 ||     5
   Stab: Sleeping          |     2 |     7 |       |     2 ||    11
 Armour: Robe              |   166 |   187 |   228 |   214 ||   795
         Steam dragon scal |       |       |       |    61 ||    61
  Dodge: Dodged            |   132 |   204 |   230 |   257 ||   823

Table legend: (Time is in decaauts)
 A = Elapsed time spent in this place.
 B = Non-inter-level travel time spent in this place.
 C = Inter-level travel time spent in this place.
 D = Time resting spent in this place.
 E = Time spent auto-exploring this place.
 F = Levels seen in this place.
 G = Mean time per level.
                   A        B        C        D        E       F      G
               +--------+--------+--------+--------+--------+-----+--------+
         Total |  14838 |  14421 |    417 |   4451 |   2376 |  12 | 1236.5 |
       Dungeon |  13754 |  13337 |    417 |   3808 |   2362 |  11 | 1250.4 |
        Bailey |   1084 |   1084 |      0 |    643 |     14 |   1 | 1084.0 |
               +--------+--------+--------+--------+--------+-----+--------+

Top non-repeatable levels by time:
     D:6: 1666 daAuts
     D:7: 1593 daAuts
     D:4: 1550 daAuts
     D:5: 1469 daAuts
     D:2: 1252 daAuts
     D:1: 1242 daAuts
     D:3: 1138 daAuts
  Bailey: 1084 daAuts
     D:9: 1040 daAuts
     D:8: 987 daAuts
    D:10: 939 daAuts
    D:11: 873 daAuts
